 Dungeon Crawl Stone Soup version 0.29.1-15-g9cfb28693d (webtiles) character file.

Game seed: 6502496526909679490

941 redmage the Magician (level 8, 0/57 HPs)
             Began as a Meteoran Earth Elementalist on Sept 7, 2023.
             Was an Initiate of Yredelemnul.
             Slain by a yak (11 damage)
             ... on level 8 of the Dungeon.
             The game lasted 00:10:15 (797 turns).

redmage the Magician (Meteoran Earth Elementalist)   Turns: 797, Time: 00:10:16

Health: 0/57       AC:  4    Str: 10    XL:     8   Next: 60%
Magic:  2/19       EV: 12    Int: 19    God:    Yredelemnul [......]
Gold:   207        SH:  0    Dex: 14    Spells: 14/20 levels left

rFire   . . .      SeeInvis .   l - +2 falchion (protect)
rCold   . . .      Faith    .   (no shield)
rNeg    . . .      Spirit   .   a - +0 robe
rPois   .          Reflect  .   (no helmet)
rElec   .          Harm     .   (no cloak)
rCorr   .          Rampage  .   (no gloves)
Will    +....                   k - +1 pair of boots
Stlth   +.........              (no amulet)
HPRegen 0.19/turn               (no ring)
MPRegen 0.16/turn               (no ring)

@: glowing
A: sense surroundings 1, otherworldly, glowing, explore regen
a: Renounce Religion, Recall Undead Harvest


You were on level 8 of the Dungeon.
You worshipped Yredelemnul.
Yredelemnul was noncommittal.
You visited 1 branch of the dungeon, and saw 8 of its levels.

You collected 207 gold pieces.

Inventory:

Hand Weapons
 l - a +2 falchion of protection (weapon)
Armour
 a - a +0 robe (worn)
 k - a +1 pair of boots (worn)
Wands
 q - a wand of paralysis (3)
Scrolls
 d - a scroll of teleportation
 f - a scroll of vulnerability
 h - a scroll of identify
 i - a scroll of butterflies {unknown}
 p - a scroll of blinking {unknown}
Potions
 b - 2 potions of magic
 e - 3 potions of curing
 j - 2 potions of lignification {unknown}
 m - a potion of degeneration {unknown}
 n - 2 potions of might {unknown}
 o - a potion of heal wounds {unknown}
 r - a potion of brilliance {unknown}


   Skills:
 - Level 2.5 Dodging
 - Level 1.4 Stealth
 + Level 6.8 Spellcasting
 + Level 4.0 Conjurations
 - Level 1.3 Transmutations
 - Level 6.2 Earth Magic
 - Level 6.0 Invocations


You had 14 spell levels left.
You knew the following spells:

 Your Spells              Type           Power      Damage    Failure   Level
a - Sandblast             Erth           60%        2d14      1%          1
b - Passwall              Tmut/Erth      16%        N/A       3%          2
c - Stone Arrow           Conj/Erth      52%        3d10      3%          3

Your spell library contained the following spells:

 Spells                   Type           Power      Damage    Failure   Level
 Petrify                  Tmut/Erth      20%        N/A       22%         4
 Lightning Bolt           Conj/Air       7%         1d19      77%         5
 Orb of Destruction       Conj           10%        9d6       100%        7


Dungeon Overview and Level Annotations

Branches:
Dungeon (8/15) Zot: 3971   Temple (0/1) D:7
   Lair: D:8-11

Altars:
Dithmenos
Kikubaaqudgha
Okawaru
Yredelemnul

Shops:
D:8 *


Innate Abilities, Weirdness & Mutations

You passively map a small area around you.
You are easily found by Zot.
You glow in the dark.
You regain HP and MP as you explore.


Message History

Aiming: Sandblast (safe; 1% risk of failure)
Press: ? - help, Shift-Dir - straight line, f/p - yak
Aim: a yak (lightly wounded, 90% to hit)
The blast of sand hits the yak!
The yak is heavily wounded.
The yak gores you. The yak gores you!
Unknown command.
Casting: Sandblast (safe; 1% risk of failure)
Confirm with . or Enter, or press ? or * to list all spells.
Okay, then.
You feel better. The yak barely misses you.
Casting: Sandblast (safe; 1% risk of failure)
Confirm with . or Enter, or press ? or * to list all spells.
Aiming: Sandblast (safe; 1% risk of failure)
Press: ? - help, Shift-Dir - straight line, f/p - yak
Aim: a yak (heavily wounded, 90% to hit)
The blast of sand hits the yak!
The yak is heavily wounded.
The yak gores you!
Unknown command.
Casting: Sandblast (safe; 1% risk of failure)
Confirm with . or Enter, or press ? or * to list all spells.
Aiming: Sandblast (safe; 1% risk of failure)
Press: ? - help, Shift-Dir - straight line, f/p - yak
Aim: a yak (heavily wounded, 90% to hit)
The blast of sand hits the yak but does no damage.
The yak is heavily wounded.
You feel your willpower return. The yak gores you but does no damage.
The yak gores you!
* * * LOW HITPOINT WARNING * * *
Casting: Sandblast (safe; 1% risk of failure)
Confirm with . or Enter, or press ? or * to list all spells.
Aiming: Stone Arrow (dangerous; 3% risk of failure)
Press: ? - help, Shift-Dir - straight line, f/p - yak
Aim: a yak (heavily wounded, 83% to hit)
The stone arrow hits the yak!
The yak is almost dead.
The yak gores you!
You die...
Your body rises from the dead as a mindless zombie.

* , ,,* * # *
####... , ,
########.......
#$@YY......≈...,*
, *
#.######....... *
#. , ,.≈.∩.#.
#.*, ,....... * ,
*#. ...§... *#. ,
......., **, .. *
.#..###, * =.,,,
..... , * * ,


You could see 2 yaks.

Vanquished Creatures
  3 yaks (D:8)
  An ice beast (D:7)
  A centaur (D:6)
  An ogre (D:5)
  A phantom (D:5)
  An iguana (D:5)
  An adder (D:2)
  A dart slug (D:3)
  3 orcs
  2 ball pythons (D:1)
  An endoplasm (D:3)
  A giant cockroach (D:4)
  2 goblins
  A hobgoblin (D:2)
  2 kobolds
  A quokka (D:1)
  A bat (D:2)
  3 frilled lizards
27 creatures vanquished.

Vanquished Creatures (collateral kills)
  A scorpion (D:5)
  An iguana (D:5)
  2 adders
  An orc (D:3)
  A hobgoblin (D:3)
  A bat (D:3)
7 creatures vanquished.

Vanquished Creatures (others)
  An orc zombie (D:6)
1 creature vanquished.

Grand Total: 35 creatures vanquished

Notes
Turn   | Place    | Note
-------+----------+-------------------------------------------
     0 | D:1      | redmage the Meteoran Earth Elementalist began the quest for
                  | the Orb.
     0 | D:1      | Reached XP level 1. HP: 14/14 MP: 5/5
    32 | D:1      | Reached XP level 2. HP: 17/20 MP: 0/6
    93 | D:2      | Learned a level 2 spell: Passwall
   197 | D:2      | Reached XP level 3. HP: 26/26 MP: 5/8
   226 | D:3      | Found a faded altar of an unknown god.
   262 | D:3      | Prayed at the altar of an unknown god.
   262 | D:3      | Became a worshipper of Yredelemnul the Dark
   262 | D:3      | Reached * piety under Yredelemnul
   292 | D:3      | Reached ** piety under Yredelemnul
   340 | D:3      | Found a shadowy altar of Dithmenos.
   343 | D:3      | Found an iron altar of Okawaru.
   361 | D:3      | Found an ancient bone altar of Kikubaaqudgha.
   364 | D:3      | Reached XP level 4. HP: 33/33 MP: 5/10
   392 | D:5      | Entered Level 5 of the Dungeon
   393 | D:5      | Noticed an ogre
   398 | D:5      | Killed an ogre
   399 | D:5      | Reached skill level 5 in Earth Magic
   399 | D:5      | Reached XP level 5. HP: 38/38 MP: 8/12
   410 | D:5      | Noticed a phantom
   420 | D:5      | Killed a phantom
   421 | D:5      | Reached XP level 6. HP: 31/45 MP: 4/14
   426 | D:5      | Reached skill level 5 in Spellcasting
   435 | D:5      | Reached XP level 7. HP: 21/50 MP: 2/15
   460 | D:5      | Learned a level 3 spell: Stone Arrow
   516 | D:6      | HP: 1/50 [centaur/arrow (10)]
   518 | D:6      | Reached skill level 1 in Conjurations
   654 | D:6      | Got the Vellum of Conjury
   771 | D:8      | Found Zarchiuj's Elemental Accessories.
   771 | D:8      | Noticed a yak
   771 | D:8      | Noticed a yak
   771 | D:8      | Noticed a yak
   771 | D:8      | Noticed a yak
   771 | D:8      | Noticed a yak
   779 | D:8      | Killed a yak
   780 | D:8      | Reached skill level 5 in Invocations
   780 | D:8      | Reached XP level 8. HP: 57/57 MP: 13/18
   783 | D:8      | Killed a yak
   790 | D:8      | Killed a yak
   797 | D:8      | Slain by a yak

Illustrated notes

Levels and vault maps discovered:
D:1:      scummos_arrival_checkerplants, layout_basic, minmay_tromino_v4_a
D:2:      layout_basic
D:3:      layout_rooms, grunt_temple_overflow_open, mainiacjoe_overflow_paths,
          nicolae_ecumenical_pavilion
D:4:      layout_cave_pools, cheibrodos_ashenzari_chains, serial_glass,
          glass_columns_c, glass_columns_a
D:5:      layout_basic, kennysheep_generic_room_5
D:6:      layout_basic, serial_shops, nicolae_shop_trees, minivault_10,
          minmay_misc_feat_ornament
D:7:      minmay_slanted_spiral_squares, layout_rooms,
          minmay_temple_entry_drinking_statues, serial_shops,
          nicolae_stop_n_shop_2, enter_bailey_3
D:8:      layout_basic, general_overflow_altar, minmay_statues_item,
          nicolae_elemental_shop

Skill      XL: |  1  2  3  4  5  6  7  8 |
---------------+-------------------------+-----
Spellcasting   | 3 4 5 6 |  6.8
Earth Magic    | 4 5 6 |  6.2
Invocations    | 2 3 5 6 |  6.0
Conjurations   | 2 4 |  4.0
Dodging        | |  2.5
Stealth        | |  1.4
Transmutations | |  1.3

Action                   |  1- 3 |  4- 6 |  7- 9 || total
-------------------------+-------+-------+-------++-------
Melee: Unarmed           |     1 |       |       ||     1
 Cast: Sandblast         |    22 |    20 |    19 ||    61
       Passwall          |       |       |     6 ||     6
       Stone Arrow       |       |       |     4 ||     4
Invok: Dark Bargain      |     1 |       |       ||     1
Evoke: Wand              |       |       |     3 ||     3
  Use: Scroll            |       |       |     5 ||     5
       Potion            |       |       |     1 ||     1
Armor: Robe              |     2 |     1 |     1 ||     4
Dodge: Dodged            |     6 |     5 |    12 ||    23
